 Dungeon Crawl Stone Soup version 0.18.1-48-g4cf74bf (webtiles) character file.

44 Joat the Insei (level 3, -5/31 HPs)
             Began as a Naga Transmuter on Aug 18, 2016.
             Engulfed by a cloud of flame (18 damage)
             ... on level 1 of the Dungeon.
             The game lasted 00:06:19 (889 turns).

Joat the Insei (Naga Transmuter)                     Turns: 889, Time: 00:06:23

Health: -5/31      AC:  2    Str: 12    XL:     3   Next: 62%
Magic:  5/6        EV: 15    Int: 18    God:
Gold:   73         SH:  0    Dex: 17    Spells: 1 memorised, 5 levels left

rFire  . . .     SeeInvis +       - Unarmed
rCold  . . .     Gourm    .     b - +0 robe
rNeg   . . .     Faith    .     (no shield)
rPois  +         Spirit   .     (no helmet)
rElec  .         Dismiss  .     (no cloak)
rCorr  .         Reflect  .     (no gloves)
SustAt .         Harm     .     (no barding)
MR     .....                    (no amulet)
Stlth  +++.......               (no ring)
                                e - ring of flight

@: brilliant, agile, appendage, very slow, not resistant to hostile
enchantments, fairly stealthy
A: horns 2, see invisible, deformed body, poison resistance, slowness 2, slow
metabolism 1, spit poison 2, AC +1
a: Spit Poison, End Transformation, Evoke Flight


You were on level 1 of the Dungeon.
You were not hungry.
You had grown temporary horns.
You visited 1 branch of the dungeon, and saw 2 of its levels.

You collected 73 gold pieces.

Inventory:

Missiles
 a - 12 arrows
Armour
 b - a +0 robe (worn)
Jewellery
 e - a ring of flight (left hand)
Books
 c - a book of Changes

   Spells                             Type                      Level
   a - Beastly Appendage              Transmutation                1
   b - Sticks to Snakes               Transmutation                2
   c - Spider Form                    Transmutation/Poison         3
   d - Ice Form                       Ice/Transmutation            4
   e - Blade Hands                    Transmutation                5
Comestibles
 d - a bread ration
 g - 3 fruits
 h - a beef jerky
 j - 3 chunks of flesh


   Skills:
 + Level 1.1 Fighting
 * Level 2.0 Dodging
 + Level 2.5 Stealth
 * Level 3.7 Unarmed Combat
 - Level 2.0 Spellcasting
 - Level 2.0 Transmutations


You had 5 spell levels left.
You knew the following spells:

 Your Spells              Type           Power        Failure   Level  Hunger
a - Beastly Appendage     Trmt           ###...       1%          1    #......


Dungeon Overview and Level Annotations

Branches:
Dungeon (2/15)

Altars:


Innate Abilities, Weirdness & Mutations

You cannot wear boots.
Your serpentine skin is tough (AC +1).
You have supernaturally acute eyesight.
Armour fits poorly on your strangely shaped body.
Your system is resistant to poisons.
You cover ground very slowly.
You have a slow metabolism.
You can spit poison.
You have a pair of horns on your head.


Message History

You grow a pair of large bovine horns.
You hit the gnoll.
The gnoll is lightly wounded.
You hit the gnoll but do no damage. Your headbutt misses the gnoll.
The gnoll is lightly wounded.
The gnoll barely misses you.
You hit the gnoll but do no damage.
The gnoll is lightly wounded.
The gnoll misses you.
You hit the gnoll but do no damage. You headbutt the gnoll.
The gnoll is moderately wounded.
The gnoll closely misses you.
You hit the gnoll. You headbutt the gnoll.
The gnoll explodes!
The fiery explosion engulfs you!
Ouch! That really hurt!
Your Dodging skill increases to level 2!
You are engulfed in roaring flames.
Ouch! That really hurt!
You die...

..###....## #...
.......... ..#
#####....##
..######..........
................##
#.######.###....##
#§# #.#.# #..).##
#§####.#.# #......
#@.....#.# #......
#......#.###.#..##
#.........##.#..##
#.........##'#..##
#.........#.....##
#.........#.....##
#.........#.......
.........###.....##
#####
##############.#..#.


There were no monsters in sight!

Vanquished Creatures
  A gnoll (D:1)
  2 oozes (D:1)
  3 giant cockroaches (D:1)
  4 goblins (D:1)
  A hobgoblin (D:1)
  2 kobolds (D:1)
  7 bats (D:1)
  4 rats (D:1)
24 creatures vanquished.

Notes
Turn   | Place    | Note
--------------------------------------------------------------
     0 | D:1      | Joat the Naga Transmuter began the quest for the Orb.
     0 | D:1      | Reached XP level 1. HP: 18/18 MP: 3/3
   130 | D:1      | You fall through a shaft!
   149 | D:1      | Reached skill level 1 in Stealth
   429 | D:1      | Reached XP level 2. HP: 25/25 MP: 5/5
   602 | D:1      | Reached XP level 3. HP: 26/31 MP: 6/6
   889 | D:1      | Engulfed by a cloud of flame

Skill      XL: |  1  2  3 |
---------------+----------+-----
Stealth        | 1 2 |  2.5
Dodging        | 2 |  2.0
Fighting       | |  1.1
Unarmed Combat | |  3.7
Spellcasting   | |  2.0
Transmutations | |  2.0

Action                   || total
-------------------------++-------
Melee: Unarmed           ||    90
       Headbutt          ||     2
       Punch             ||     1
 Cast: Beastly Appendage ||     2
  Use: Potion            ||     2
       Scroll            ||     1
 Stab: Sleeping          ||     5
Armor: Robe              ||    29
Dodge: Dodged            ||    44
